 Dungeon Crawl Stone Soup version 0.28.0-45-g0d030f2227 (webtiles) character file.

Game seed: 6006003667075346795

7 Peloso the Skirmisher (level 1, 20/20 HPs)
             Began as a Minotaur Fighter on Mar 30, 2022.
             Got out of the dungeon alive.
             The game lasted 00:00:50 (472 turns).

Peloso the Skirmisher (Minotaur Fighter)             Turns: 472, Time: 00:00:50

Health: 20/20      AC:  8    Str: 20    XL:     1   Next: 91%
Magic:  0/0        EV:  9    Int:  5    God:
Gold:   57         SH:  4    Dex:  9    Spells: 0/0 levels left

rFire   . . .      SeeInvis .   a - +0 long sword
rCold   . . .      Faith    .   c - +0 buckler
rNeg    . . .      Spirit   .   b - +0 scale mail
rPois   .          Reflect  .   (helmet restricted)
rElec   .          Harm     .   (no cloak)
rCorr   .          Rampage  .   (no gloves)
Will    .....                   (no boots)
Stlth   ..........              (no amulet)
HPRegen 0.06/turn               (no ring)
MPRegen 0.07/turn               (no ring)

@: no status effects
A: horns 2, retaliatory headbutt, iridescent scales 1, deterioration 1
a: no special abilities


You escaped.
You visited 1 branch of the dungeon, and saw 1 of its levels.

You collected 57 gold pieces.

Inventory:

Hand Weapons
 a - a +0 long sword (weapon)
Armour
 b - a +0 scale mail (worn)
 c - a +0 buckler (worn)
Potions
 d - a potion of might
 e - a potion of magic {unknown}


   Skills:
 + Level 3.9 Fighting
 + Level 2.8 Long Blades
 + Level 3.6 Armour
 + Level 0.4 Dodging
 + Level 3.6 Shields


You couldn't memorise any spells.
You didn't know any spells.
Your spell library contained the following spells:

 Spells                   Type           Power      Damage    Failure   Level
 Animate Skeleton         Necr           0%         N/A       89%         1
 Apportation              Tloc           0%         N/A       89%         1
 Summon Small Mammal      Summ           0%         N/A       89%         1


Dungeon Overview and Level Annotations

Branches:
Dungeon (1/15)

Altars:


Innate Abilities, Weirdness & Mutations

You have a pair of horns on your head.
You reflexively headbutt those who attack you in melee.
You are partially covered in iridescent scales. (AC +2)
Your body sometimes deteriorates upon taking damage.


Message History

A dart slug is nearby!
You hit the dart slug.
The dart slug is moderately wounded.
The dart slug closely misses you.
You slash the dart slug!
The dart slug is almost dead.
You hit the dart slug.
You kill the dart slug!
You see here a dart slug corpse.
There is an escape hatch in the floor here.
There is an open door here.
There is a dry fountain here.
There is a dry fountain here.
There is an open door here.
Done exploring.
Done exploring.
Done exploring.
Done exploring.
Done exploring.
As you read the scroll labelled JUQIRYNUJI, it crumbles to dust.
The scroll dissolves into smoke.
It was a scroll of fog.
As you read the scroll labelled KUNKEH KUROY, it crumbles to dust.
A profound silence engulfs you.
It was a scroll of silence.
It was a potion of attraction.
You feel attractive to monsters.
You drop a potion of attraction.
It was a potion of heal wounds.
You feel much better.
It was a potion of mutation.
You feel extremely strange.
Iridescent scales grow over part of your body.
You feel yourself wasting away.
(D) Dungeon
Where to? (? - help)
What level of the Dungeon? (default 1, ? - help)
You see here a potion of attraction.
Your hearing returns.
There is an open door here.
You feel less attractive to monsters.
There is a staircase leading out of the dungeon here.
Are you sure you want to leave the Dungeon?
This will make you lose the game!
You have escaped!

# #........................#...
#####........................#...
##.......###############.........
##...##'##.............##'##.....
#..###..........⌠..........###...
..##...⌠.................⌠...##..
.##........⌠.........⌠........##.
.#.............................#.
.#...⌠..........@..........⌠...#.
.#.............................#.
.##........⌠.........⌠...(....##.
.§##...⌠.................⌠...##..
#§§###..........⌠..........###...
#§§§.#####.............#####.....
#!##..##################..)......
#.##.............................
#§##...........##....###.........


There were no monsters in sight!

Vanquished Creatures
  A dart slug (D:1)
  A hobgoblin (D:1)
  A ball python (D:1)
  4 frilled lizards (D:1)
7 creatures vanquished.

Notes
Turn   | Place    | Note
-------+----------+-------------------------------------------
     0 | D:1      | Peloso the Minotaur Fighter began the quest for the Orb.
     0 | D:1      | Reached XP level 1. HP: 19/19 MP: 0/0
   441 | D:1      | Gained mutation: You are partially covered in iridescent
                  | scales. (AC +2) [potion of mutation]
   441 | D:1      | Gained mutation: Your body sometimes deteriorates upon
                  | taking damage. [potion of mutation]
   472 | D:$      | Got out of the dungeon alive.

Illustrated notes

Levels and vault maps discovered:
D:1:      dpeg_arrival_water_temple_mockup, layout_rooms, serial_park_tiny_pond,
          minmay_misc_feat_hallway, minmay_lizard_pond

Action                   || total
-------------------------++-------
Melee: Long sword        ||    16
       Headbutt          ||     1
  Use: Potion            ||     3
       Scroll            ||     2
Armor: Scale mail        ||     5
Dodge: Dodged            ||     8
Block: Buckler           ||     3
